AoeStats
← Tubbi

Black Forest

508533388Analyzed
4v4 RM · 8d ago on Sep 22, 2026· 43m 57s· 8 players
Game mode
Random Map
Map size
Large (8 player)
Population
200
Speed
Normal
Resources
Standard
Victory
Conquest
Starting age
Dark Age
Ending age
Imperial Age
RankedLock teamsTeams togetherTeam positionsShared explorationLock speedFull tech treeHidden civsTurbo modeCheats
Victory
Defeat
🇧🇪 Portuguese · Belgium
1213
+4
🇧🇷 Inca · Brazil
1082
+7
🇺🇸 Portuguese · United States
988
+10
🇪🇨 Byzantines · Ecuador
979
+10
🇩🇪 Lithuanians · Germany
952
-12
🇪🇨 Spanish · Ecuador
950
-10
🇦🇷 Vietnamese · Argentina
804
-6
🇬🇧 Khmer · United Kingdom
680
-3
Pato
0:29 Loom
14:02 Feudal Age
18:23 Castle Age
16:38 Stone Mining
24:10 Double-Bit Axe
28:54 Horse Collar
30:27 Wheelbarrow
35:34 Imperial Age
33:32 Caravan
33:39 Fletching
34:53 Bodkin Arrow
35:26 Padded Archer Armor
35:58 Hand Cart
35:53 Gold Mining
37:20 Chemistry
Jeanne d'Arc
1:34 Loom
12:53 Feudal Age
19:48 Castle Age
20:10 Horse Collar
22:52 Double-Bit Axe
23:53 Gold Mining
25:02 Stone Mining
26:57 Bow Saw
26:57 Heavy Plow
29:45 Wheelbarrow
34:04 Imperial Age
33:11 Stone Shaft Mining
33:45 Scale Barding Armor
35:16 Elite Leitis
37:14 Two-Man Saw
37:02 Crop Rotation
36:35 Cavalier
37:16 Husbandry
38:11 Chain Barding Armor
38:08 Caravan
40:13 Plate Barding Armor
41:02 Chemistry
40:23 Ballistics
39:43 Paladin
Tubbi
11:38 Feudal Age
10:16 Loom
12:00 Loom
12:25 Double-Bit Axe
14:50 Horse Collar
18:13 Castle Age
18:00 Stone Mining
20:25 Stone Shaft Mining
19:44 Gold Mining
20:38 Heavy Plow
21:20 Fletching
22:36 Bow Saw
23:29 Bodkin Arrow
25:31 Pikeman
30:33 Wheelbarrow
31:48 Stone Shaft Mining
34:51 Imperial Age
32:47 Squires
33:01 Arson
33:20 Padded Archer Armor
33:48 Town Watch
34:43 Hand Cart
35:57 Paper Money
36:56 Halberdier
37:26 Treadmill Crane
40:50 Chemistry
39:36 Elite Skirmisher
40:22 Thumb Ring
athmaniac
3:50 Loom
11:27 Feudal Age
15:51 Double-Bit Axe
16:01 Gold Mining
18:15 Castle Age
16:45 Horse Collar
20:10 Bow Saw
22:50 Stone Mining
23:36 Gold Shaft Mining
27:14 Heavy Plow
29:49 Stone Shaft Mining
33:07 Imperial Age
31:23 Wheelbarrow
39:01 Crop Rotation
39:10 Conscription
38:11 Elite Ballista Elephant
38:53 Double Crossbow
tenduril
10:41 Feudal Age
11:18 Double-Bit Axe
20:58 Castle Age
22:17 Horse Collar
23:21 Wheelbarrow
22:42 Gold Mining
24:11 Bow Saw
23:53 Stone Mining
27:45 Imperial Age
28:19 Ballistics
31:18 Chemistry
31:44 Caravan
33:59 Coinage
35:30 Banking
35:16 Loom
35:49 Hand Cart
36:54 Stone Shaft Mining
36:12 Fletching
36:22 Padded Archer Armor
36:52 Bombard Tower
noumha
0:56 Loom
13:19 Feudal Age
18:46 Castle Age
17:45 Horse Collar
17:53 Double-Bit Axe
18:05 Stone Mining
19:42 Heavy Plow
21:06 Redemption
22:17 Town Watch
23:39 Fervor
28:02 Elite Skirmisher
34:09 Imperial Age
32:24 Bow Saw
32:37 Ballistics
32:58 Fortified Wall
33:15 Fletching
33:26 Padded Archer Armor
34:05 Wheelbarrow
33:45 Masonry
33:59 Gold Mining
34:07 Bodkin Arrow
34:05 Guard Tower
33:56 Treadmill Crane
34:45 Thumb Ring
34:24 Crossbowman
35:07 Bracer
35:23 Leather Archer Armor
36:27 Chemistry
37:08 Ring Archer Armor
37:08 Conscription
36:58 Siege Engineers
39:01 Two-Man Saw
38:58 Stone Shaft Mining
38:57 Crop Rotation
38:11 Arbalester
40:48 Hand Cart
40:33 Town Patrol
40:43 Arquebus
42:52 Pikeman
43:17 Gambesons
43:45 Forging
43:36 Scale Mail Armor
BP_
1:21 Loom
12:43 Feudal Age
16:30 Castle Age
14:54 Double-Bit Axe
17:12 Horse Collar
19:53 Horse Collar
24:46 Scale Mail Armor
28:38 Gold Mining
29:02 Bow Saw
28:58 Heavy Plow
30:06 Gold Shaft Mining
29:37 Stone Mining
33:44 Imperial Age
31:56 Chain Mail Armor
32:39 Forging
33:27 Stone Shaft Mining
34:16 Wheelbarrow
34:36 Iron Casting
34:48 Conscription
35:04 Plate Mail Armor
34:42 Capped Ram
37:11 Blast Furnace
36:18 Squires
37:20 Guilds
37:51 Siege Ram
39:52 Arson
40:23 Fabric Shields
39:44 Elite Kamayuk
42:32 Siege Engineers
henry2992
0:51 Loom
11:59 Feudal Age
17:05 Castle Age
15:52 Double-Bit Axe
16:29 Gold Mining
20:35 Bow Saw
22:28 Stone Mining
26:47 Wheelbarrow
26:32 Horse Collar
32:21 Imperial Age
31:25 Hand Cart
31:20 Padded Archer Armor
31:11 Fletching
33:02 Crossbowman
34:03 Arbalester
36:38 Two-Man Saw
36:09 Conscription
36:24 Leather Archer Armor
36:11 Scale Mail Armor
36:21 Forging
37:24 Scale Barding Armor
38:29 Ring Archer Armor
39:29 Chain Barding Armor
39:24 Chain Mail Armor
39:25 Pikeman
40:06 Squires
39:51 Gambesons
39:59 Halberdier
41:33 Caravan
43:38 Elite Cataphract
Connection lost

Rejoining the realm…

Still unreachable

The connection could not be restored.

Session expired

The server has moved on; the page needs a fresh start.